 Dungeon Crawl Stone Soup version 0.17-a0-1663-gb806841 (webtiles) character file.

3174 kae the Purveyor of Pain (level 9, -1/57 HPs)
             Began as a Demonspawn Necromancer on Aug 16, 2015.
             Was an Initiate of Kikubaaqudgha.
             Succumbed to wvc's ghost's poison
             ... on level 9 of the Dungeon.
             The game lasted 00:15:40 (10386 turns).

kae the Purveyor of Pain (Demonspawn Necromancer)  Turns: 10386, Time: 00:15:40

Health: -1/57      AC:  4    Str: 10    XL:     9   Next: 63%
Magic:  1/20       EV: 12    Int: 23    God:    Kikubaaqudgha [......]
Gold:   9          SH:  0    Dex: 13    Spells: 6 memorised, 7 levels left

rFire  . . .     SeeInvis +     F - +8 mace of Karma {flame, MP-9 Int+4 Stlth+}
rCold  . . .     Clarity  .     a - +0 robe
rNeg   . . .     SustAt   .     (no shield)
rPois  .         Gourm    .     (helmet restricted)
rElec  .         Spirit   +     y - +0 cloak
rCorr  .         Warding  .     (no gloves)
rMut   .         Stasis   .     (no boots)
MR     .....                    z - amulet of faith
Stlth  +++.......               D - ring of see invisible
                                E - ring of magical power

@: lethally poisoned (-1 -> -13), not resistant to hostile enchantments, fairly
stealthy
A: antennae 2, icy blue scales 1, powered by death 2, magic shield
a: Renounce Religion


You were on level 9 of the Dungeon.
You worshipped Kikubaaqudgha.
Kikubaaqudgha was noncommittal.
You were hungry.

You visited 2 branches of the dungeon, and saw 10 of its levels.
You also visited: Bailey.

You collected 9 gold pieces.

Inventory:

Hand weapons
 h - a +0 dagger
 w - a +2 dagger of venom
 F - the +8 mace of Karma (weapon) {flame, MP-9 Int+4 Stlth+}
   (You found it on level 5 of the Dungeon)

   It has been specially enchanted to burn those struck by it, causing extra
   injury to most foes and up to half again as much damage against particularly
   susceptible opponents.
   It affects your intelligence (+4).
   It affects your magic capacity (-9).
   It makes you more stealthy.
Missiles
 P - a throwing net (quivered)
Armour
 a - a +0 robe (worn)
 y - a +0 cloak (worn)
Jewellery
 f - an uncursed ring of flight
 u - an uncursed ring of ice
 z - an amulet of faith (around neck)
 D - a ring of see invisible (right hand)
 E - a ring of magical power (left hand)
 G - an uncursed ring of magical power
 I - an uncursed ring of sustain attributes {unknown}
Magical devices
 J - a wand of cold (3)
 N - a wand of fireball (8)
Scrolls
 d - 5 scrolls of remove curse {unknown}
 e - 6 scrolls of identify {unknown}
 g - 5 scrolls of teleportation {unknown}
 i - a scroll of enchant armour {unknown}
 j - 2 scrolls of recharging {unknown}
 k - a scroll of random uselessness {unknown}
 m - 4 scrolls of magic mapping {unknown}
 p - a scroll of fog {unknown}
 x - a scroll of fear {unknown}
 L - a scroll of blinking {unknown}
Potions
 o - 2 potions of invisibility {unknown}
 r - 2 potions of poison {unknown}
 s - a potion of mutation {unknown}
 t - 2 potions of lignification {unknown}
 A - a potion of degeneration {unknown}
 H - a potion of agility {unknown}
 K - 3 potions of might {unknown}
Books
 b - a book of Necromancy

   Spells                             Type                      Level
   a - Pain                           Necromancy                   1
   b - Animate Skeleton               Necromancy                   1
   c - Vampiric Draining              Necromancy                   3
   d - Regeneration                   Charms/Necromancy            3
   e - Animate Dead                   Necromancy                   4
   f - Control Undead                 Necromancy                   4
Comestibles
 c - 5 bread rations
 l - 3 fruits
 n - 7 beef jerkies
 q - 6 meat rations
 v - 2 slices of pizza
 B - 2 royal jellies
 C - a chunk of flesh


   Skills:
 - Level 1.7 Dodging
 - Level 1.7 Stealth
 + Level 7.5 Spellcasting
 * Level 12.5 Necromancy


You had 7 spell levels left.
You knew the following spells:

 Your Spells              Type           Power        Failure   Level  Hunger
a - Pain                  Necr           ####         1%          1    None
b - Animate Skeleton      Necr           N/A          1%          1    None
c - Vampiric Draining     Necr           ######....   1%          3    None
d - Regeneration          Chrm/Necr      #####.....   1%          3    None
e - Animate Dead          Necr           N/A          1%          4    ###....
f - Control Undead        Necr           ######....   1%          4    ###....


Dungeon Overview and Level Annotations

Branches:
Dungeon (9/15)             Temple (1/1) D:7
   Lair: D:8-11         Orc: D:9-12

Altars:
Ashenzari
Cheibriados
Dithmenos
Elyvilon
Fedhas
Gozag
Kikubaaqudgha
Makhleb
Nemelex Xobeh
Okawaru
Qazlal
Ru
Sif Muna
Trog
Vehumet
Xom
Yredelemnul
Zin
The Shining One

Annotations:
D:3 Dowan
D:4 exclusion: phantom
D:8 Maurice
D:9 wvc's ghost, experienced TeWn


Innate Abilities, Weirdness & Mutations

You have a pair of antennae on your head.
You are partially covered in icy blue scales (AC +1).
You regenerate health from kills.
When hurt, damage is shared between your health and your magic reserves.


Message History

You feel sick.
You see here a hand axe.
You feel sick.
Things that are here:
a dagger; a robe You see here a whip.
You feel sick.
Wvc's ghost says, "Very impressive.
But it won't help.
Nothing will."
You feel sick.
You feel sick. Wvc's ghost stares at you.
Drink which item? (? for menu, Esc to quit)
You feel better. Wvc's ghost hits you!
* * * LOW HITPOINT WARNING * * *
You are lethally poisoned!
Read which item? (? for menu, Esc to quit)
Okay, then.
Unknown command.
You die...
Kikubaaqudgha rasps: "You have failed me!
Welcome... death!"

#####'#'#'#'#'#'# #.........
#..'............# #.........
#.###'#'#'#'#'#'# #.........
#.8##)#)#)#.#)#.# #.........
#.############### #)).......
#.#......# #Z).......
#........# #.).......
###...)..###########.........
#...<.......@.W.Z....#####+
#....................#
#....................#
#................#####
#....<...........#
#................#
#..................
#...................>#
#......#########....(#


You could see wvc's ghost and a friendly orc zombie.

Vanquished Creatures
  Duvessa (D:4)
  2 ice beasts (D:5)
  3 black bears
  5 ogres
  2 centaurs
  An elf zombie (D:9)
  3 giant frogs
  A troll zombie (D:9)
  5 wights (D:9)
  4 crimson imps
  A quasit (D:7)
  A giant frog zombie (D:8)
  2 centaur skeletons
  9 orc wizards
  4 orc priests
  2 centaur zombies
  4 hounds
  3 human zombies (D:9)
  4 worker ants
  A human skeleton (D:9)
  3 iguanas
  A worker ant zombie (D:5)
  A mummy (D:9)
  16 adders
  10 gnolls (Bailey)
  2 shadow imps
  2 oozes
  3 adder zombies
  An adder skeleton (D:4)
  3 worms
  5 giant geckos
  26 orcs
  4 bats
  5 giant cockroaches
  24 hobgoblins
  4 quokkas
  2 ball pythons
  7 giant newts
  5 goblins
  13 jackals
  11 kobolds
  A quokka zombie (D:6)
  11 rats
218 creatures vanquished.

Vanquished Creatures (collateral kills)
  A centaur (D:8)
  An adder zombie (D:7)
  An orc (D:5)
  A jackal (D:1)
  2 kobolds (Bailey)
6 creatures vanquished.

Grand Total: 224 creatures vanquished

Notes
Turn   | Place    | Note
--------------------------------------------------------------
     0 | D:1      | kae the Demonspawn Necromancer began the quest for the Orb.
     0 | D:1      | Reached XP level 1. HP: 13/13 MP: 3/3
   198 | D:1      | Gained mutation: When hurt, damage is shared between your health and your magic reserves. [demonic ancestry]
   198 | D:1      | Reached XP level 2. HP: 14/19 MP: 0/5
   292 | D:1      | Learned a level 1 spell: Animate Skeleton
   639 | D:1      | Reached skill level 5 in Necromancy
  1074 | D:2      | Found a basalt altar of Yredelemnul.
  1107 | D:2      | Gained mutation: You are partially covered in icy blue scales (AC +1). [demonic ancestry]
  1107 | D:2      | Reached XP level 3. HP: 18/24 MP: 1/6
  1789 | D:2      | Gained mutation: You have a pair of small antennae on your head. [demonic ancestry]
  1789 | D:2      | Reached XP level 4. HP: 27/30 MP: 3/8
  2111 | D:2      | Found a deep blue altar of Sif Muna.
  2321 | D:2      | Reached skill level 6 in Necromancy
  2645 | D:3      | Learned a level 3 spell: Vampiric Draining
  2649 | D:3      | Learned a level 3 spell: Regeneration
  3064 | D:3      | Gained mutation: You have a pair of antennae on your head. [demonic ancestry]
  3064 | D:3      | Reached XP level 5. HP: 35/35 MP: 7/9
  3412 | D:3      | Found a burning altar of Makhleb.
  4069 | D:4      | Reached skill level 7 in Necromancy
  4295 | D:4      | Reached XP level 6. HP: 36/41 MP: 5/11
  4528 | D:4      | Noticed Duvessa
  4528 | D:4      | Noticed Dowan
  4786 | D:4      | Killed Duvessa
  4912 | D:5      | Entered Level 5 of the Dungeon
  5005 | D:4      | Noticed a phantom
  5056 | D:4      | Reached skill level 8 in Necromancy
  5141 | D:4      | Gained mutation: You regenerate a little health from kills. [demonic ancestry]
  5141 | D:4      | Reached XP level 7. HP: 38/46 MP: 10/13
  5237 | D:4      | Found a sacrificial altar of Ru.
  5628 | D:5      | Reached skill level 9 in Necromancy
  5827 | D:5      | Reached skill level 5 in Spellcasting
  5970 | D:5      | Got a warped mace
  5971 | D:5      | Identified the +8 mace of Karma {flame, MP-9 Int+4 Stlth+} (You found it on level 5 of the Dungeon)
  6010 | D:5      | Gained mutation: You regenerate health from kills. [demonic ancestry]
  6010 | D:5      | Reached XP level 8. HP: 24/52 MP: 3/15
  6021 | D:5      | Found a shattered altar of Ashenzari.
  6457 | D:6      | Reached skill level 10 in Necromancy
  6552 | D:6      | Found a stormy altar of Qazlal.
  6562 | D:6      | Found a sparkling altar of Nemelex Xobeh.
  6688 | D:6      | Found a white marble altar of Elyvilon.
  7278 | D:7      | Found a bloodstained altar of Trog.
  7338 | D:7      | Found a staircase to the Ecumenical Temple.
  7679 | D:7      | Found a flagged portal.
  7749 | Bailey   | Entered a bailey
  8063 | Bailey   | Reached skill level 11 in Necromancy
  8190 | Bailey   | Noticed an orc knight
  8570 | Temple   | Entered the Ecumenical Temple
  8745 | D:7      | Reached XP level 9. HP: 37/57 MP: 9/18
  9002 | D:8      | Learned a level 4 spell: Animate Dead
  9007 | D:8      | Learned a level 4 spell: Control Undead
  9077 | D:8      | Found a radiant altar of Vehumet.
  9578 | D:8      | Noticed Maurice
  9983 | D:9      | Reached skill level 12 in Necromancy
 10023 | D:9      | Found an ancient bone altar of Kikubaaqudgha.
 10282 | D:9      | Became a worshipper of Kikubaaqudgha
 10354 | D:9      | Noticed wvc's ghost (experienced TeWn)
 10385 | D:9      | HP: 1/57 [wvc's ghost (9)]
 10386 | D:9      | Succumbed to wvc's ghost's poison

Vault maps used:
D:1:      saegor_arrival_simple_f, serial_glass, glass_columns_c,
          glass_columns_a, hangedman_abyss_or_decor_lesser_grid
D:2:      old_standard_altar, led_sif_pool, uniq_crazy_yiuf_cottage
D:3:      nicolae_overflow_hidden_temple, first_bread
D:4:      nicolae_ru_path_of_blood, kennysheep_generic_room_14, uniq_duvessa
D:5:      ashenzari_altar_1
D:6:      old_standard_altar, amethyst_overflow_temple_binary
D:7:      trog_ov_bears_minmay, minmay_temple_entry_purple_smoke, enter_bailey_8
D:8:      lemuel_round_altar, grunt_ogre_cave, uniq_maurice
D:9:      lemuel_mausoleum_altar_kikubaaqudgha, okawaru_trees_1
Temple:   temple_eino_lava_8
Bailey:   bailey_axe_2, bailey

Action                   |  1- 3 |  4- 6 |  7- 9 || total
-------------------------+-------+-------+-------++-------
Melee: Unarmed           |     9 |       |       ||     9
       Dagger            |    27 |    66 |    73 ||   166
       Mace              |       |       |   230 ||   230
 Cast: Pain              |    56 |   117 |   171 ||   344
       Animate Skeleton  |     3 |     9 |    30 ||    42
       Vampiric Draining |       |       |     7 ||     7
       Animate Dead      |       |       |     2 ||     2
       Control Undead    |       |       |     1 ||     1
       Regeneration      |       |       |     1 ||     1
  Use: Potion            |       |       |     7 ||     7
 Stab: Sleeping          |     1 |     1 |    13 ||    15
       Distracted        |       |     1 |     1 ||     2
  Eat: Chunk             |     3 |    11 |    10 ||    24
       Bread ration      |       |       |     1 ||     1
       Fruit             |       |       |     2 ||     2
